 Dungeon Crawl Stone Soup version 0.32-a0-119-g2e8054a333 (webtiles) character file.

Game seed: 6388091149145318885

163 braks the Conjurer (level 5, -4/33 (37) HPs)
             Began as a Gnoll Conjurer on Feb 8, 2024.
             Slain by Ijyb
             ... wielding the +7 whip "Sicly" {drain, rElec rPois Will- Int+8}
              (13 damage)
             ... on level 3 of the Dungeon.
             The game lasted 00:07:46 (2654 turns).

braks the Conjurer (Gnoll Conjurer)                 Turns: 2654, Time: 00:07:47

HP:   -4/33 (37)    AC:  0    Str:  9    XL:     5   Next: 44%
MP:   6/12          EV: 21    Int: 17    God:
Gold: 154           SH:  0    Dex: 15    Spells: 7/14 levels left

rFire   . . .        t - melded +0 dagger (holy)
rCold   . . .        (shield currently unavailable)
rNeg    . . .        l - melded +1 leather armour
rPois   .            (helmet currently unavailable)
rElec   .            (cloak currently unavailable)
rCorr   .            (gloves currently unavailable)
SInv    .            (boots currently unavailable)
Will    .....        (no amulet)
Stlth   +++          (ring currently unavailable)
HPRegen 0.25/turn    (ring currently unavailable)
MPRegen 0.13/turn

%: no passive effects
@: bat-form, flying, heavily drained, very quick
A: fast, flying, no casting, tiny, (fangs 1), strong nose, distributed training
a: no special abilities


You were on level 3 of the Dungeon.
You were a bat.
You visited 1 branch of the dungeon, and saw 3 of its levels.

You collected 154 gold pieces.


Innate Abilities, Weirdness & Mutations

You are a bat.
You are tiny and dextrous.
You move quickly.
You are flying.
Your equipment is almost entirely melded.
You are incapable of wielding weapons or throwing items.
You cannot cast spells.
((You have very sharp teeth.))
Your uncanny sense of smell can sniff out nearby items.
Your experience applies equally to all skills.


   Skills:
 + Level 1.5 Fighting
 + Level 1.5 Short Blades
 + Level 1.5 Long Blades
 + Level 1.5 Axes
 + Level 1.5 Maces & Flails
 + Level 1.5 Polearms
 + Level 1.5 Staves
 + Level 1.5 Ranged Weapons
 + Level 1.5 Throwing
 + Level 1.5 Armour
 + Level 4.8 Dodging
 + Level 4.4 Stealth
 + Level 1.5 Shields
 + Level 1.5 Unarmed Combat
 + Level 5.2 Spellcasting
 + Level 7.2 Conjurations
 + Level 1.2 Hexes
 + Level 1.2 Summonings
 + Level 1.2 Necromancy
 + Level 1.2 Translocations
 + Level 1.2 Fire Magic
 + Level 1.2 Ice Magic
 + Level 1.2 Air Magic
 + Level 1.2 Earth Magic
 + Level 1.2 Alchemy
 + Level 1.7 Invocations
 + Level 1.5 Evocations
 + Level 1.4 Shapeshifting


You had 7 spell levels left.
You knew the following spells:

 Your Spells              Type           Power      Damage    Failure   Level
a - Magic Dart            Conj           100%       1d8       1%          1
b - Searing Ray           Conj           58%        2d6       1%          2
c - Iskenderun's Mystic   Conj/Tloc      18%        2d6       24%         4

Your spell library contained the following spells:

 Spells                   Type           Power      Damage    Failure   Level
 Fulminant Prism          Conj/Alch      9%         3d7       24%         4
 Ozocubu's Armour         Ice            8%         N/A       26%         3
 Metabolic Englaciation   Hex/Ice        4%         N/A       93%         5
 Sculpt Simulacrum        Ice/Alch       4%         N/A       100%        6

Inventory:

Hand Weapons
 k - a +0 spear
 t - a +0 dagger of holy wrath (melded)
Armour
 a - a +0 robe
 d - a +0 scale mail
 l - a +1 leather armour (melded)
 m - an orb of wrath
Magical Staves
 c - a staff of earth
Jewellery
 i - a +4 ring of protection
 p - an amulet of regeneration
Scrolls
 h - a scroll of poison
 n - a scroll of butterflies {unknown}
 s - a scroll of revelation
Potions
 b - a potion of magic
 e - a potion of curing {unknown}
 f - 2 potions of haste
 g - a potion of brilliance {unknown}
 j - a potion of berserk rage
 o - a potion of heal wounds {unknown}
 q - a potion of mutation {unknown}
 r - a potion of might
 u - a potion of invisibility {unknown}


Message History

Your +1 leather armour unmelds from your body.
Your +0 dagger of holy wrath softly glows with a divine radiance!
You aren't carrying any items that you can evoke.
Unknown command.
Press: ? - help, Shift-Dir - straight line, f - Ijyb
Aim: Ijyb, wielding the +7 whip "Sicly" {drain, rElec rPois Will- Int+8}, wearing a +0 leather armour and carrying a wand of polymorph (lightly wounded, 74% to hit)
The searing ray hits Ijyb. (Press . to maintain the ray.)
You now have 5/12 mp.
The searing ray hits Ijyb!
Ijyb zaps a wand.
You turn into a bat.
Your +0 dagger of holy wrath melds into your body.
Your +1 leather armour melds into your body.
Your +0 dagger of holy wrath stops glowing.
You barely miss Ijyb. You hit Ijyb but do no damage.
Ijyb hits you with the +7 whip "Sicly" {drain, rElec rPois Will- Int+8}!
You feel drained.
You take 9 damage, and have 28/36 hp.
MASSIVE DAMAGE!!
Ijyb attacks as she pursues you! Ijyb completely misses you.
You hit Ijyb but do no damage. Ijyb misses you.
You barely miss Ijyb. Ijyb barely misses you. Ijyb misses you.
You closely miss Ijyb. Ijyb misses you. Ijyb closely misses you.
You barely miss Ijyb. You hit Ijyb but do no damage.
Ijyb hits you with the +7 whip "Sicly" {drain, rElec rPois Will- Int+8}!
You feel drained.
You take 11 damage, and have 19/34 hp.
MASSIVE DAMAGE!!
You closely miss Ijyb. Ijyb barely misses you. Ijyb attacks as she pursues you!
Ijyb completely misses you.
You hit Ijyb but do no damage.
Ijyb hits you with the +7 whip "Sicly" {drain, rElec rPois Will- Int+8}!
You feel drained.
You take 10 damage, and have 9/33 hp.
MASSIVE DAMAGE!!
You barely miss Ijyb.
Ijyb hits you with the +7 whip "Sicly" {drain, rElec rPois Will- Int+8}!
You die...

****,**** #......# #..........#
,,,,,,,,* #......# #..........#
****,*#.* #......# #..........#
*,##.### #......###..........#
****,.....# #......'(.<.........#
,,*####'#.###......###..........#
,,*#...........#.......#..##.....
,,*#...........#.......#..###...#
..##...........#b......#.........
............)..#g...........#....
,...###'#.........####.####......
,,,,* #.####......##.....##.....#
,,,,* #.# ####...#.......#.#.###
,...###.#######...#.......#.#.# #
......................_.....#.###
....####..........#.......#......
..,,* #..........#.......#.#.###


You could see Ijyb.

Vanquished Creatures
  Natasha (thrice) (D:3)
  4 gnolls (D:2)
  An adder (D:2)
  2 dart slugs
  7 bats
  2 endoplasms
  A giant cockroach (D:3)
  5 goblins
  2 hobgoblins
  2 jackals (D:1)
  3 quokkas
  3 ball pythons (D:1)
  A frilled lizard (D:2)
  3 kobolds
  4 rats
43 creatures vanquished.

Notes
Turn   | Place    | Note
-------+----------+-------------------------------------------
     0 | D:1      | braks the Gnoll Conjurer began the quest for the Orb.
     0 | D:1      | Reached XP level 1. HP: 13/13 MP: 6/6
   275 | D:1      | Reached XP level 2. HP: 19/19 MP: 5/7
   374 | D:1      | Found Fobeir's Jewellery Boutique.
   714 | D:1      | Learned a level 2 spell: Searing Ray
  1180 | D:2      | Reached XP level 3. HP: 25/25 MP: 2/9
  1462 | D:2      | Reached skill level 1 in Invocations
  1483 | D:2      | Reached skill level 1 in Fighting
  1483 | D:2      | Reached skill level 1 in Short Blades
  1483 | D:2      | Reached skill level 1 in Long Blades
  1483 | D:2      | Reached skill level 1 in Axes
  1483 | D:2      | Reached skill level 1 in Maces & Flails
  1483 | D:2      | Reached skill level 1 in Polearms
  1483 | D:2      | Reached skill level 1 in Staves
  1483 | D:2      | Reached skill level 1 in Ranged Weapons
  1483 | D:2      | Reached skill level 1 in Throwing
  1483 | D:2      | Reached skill level 1 in Armour
  1483 | D:2      | Reached skill level 1 in Shields
  1483 | D:2      | Reached skill level 1 in Unarmed Combat
  1483 | D:2      | Reached skill level 1 in Evocations
  1798 | D:2      | Reached skill level 1 in Shapeshifting
  1798 | D:2      | Reached XP level 4. HP: 32/32 MP: 6/11
  1934 | D:2      | Reached skill level 1 in Hexes
  1934 | D:2      | Reached skill level 1 in Summonings
  1934 | D:2      | Reached skill level 1 in Necromancy
  1934 | D:2      | Reached skill level 1 in Translocations
  1934 | D:2      | Reached skill level 1 in Fire Magic
  1934 | D:2      | Reached skill level 1 in Ice Magic
  1934 | D:2      | Reached skill level 1 in Air Magic
  1934 | D:2      | Reached skill level 1 in Earth Magic
  1934 | D:2      | Reached skill level 1 in Alchemy
  2288 | D:3      | Learned a level 4 spell: Iskenderun's Mystic Blast
  2294 | D:3      | Noticed Natasha
  2299 | D:3      | Killed Natasha
  2346 | D:3      | Found a shimmering altar of Xom.
  2433 | D:3      | Noticed Natasha
  2436 | D:3      | Killed Natasha
  2437 | D:3      | Reached XP level 5. HP: 37/37 MP: 7/12
  2523 | D:3      | Noticed Natasha
  2526 | D:3      | Killed Natasha
  2606 | D:3      | Identified the +7 whip "Sicly" {drain, rElec rPois Will-
                  | Int+8}
  2606 | D:3      | Noticed Ijyb
  2654 | D:3      | Slain by Ijyb

Levels and vault maps discovered:
D:1:      tarquinn_simple_flora_water_a, layout_basic, serial_shops, shop
D:2:      layout_rooms, nicolae_underground_beach
D:3:      layout_basic, old_standard_altar, uniq_natasha, uniq_terence,
          uniq_ijyb

Action                     |  1- 3 |  4- 6 || total
---------------------------+-------+-------++-------
  Melee: Unarmed           |     8 |    10 ||    18
         Punch             |     1 |       ||     1
         Spear             |    11 |       ||    11
         Bite              |     1 |       ||     1
   Cast: Magic Dart        |    35 |    20 ||    55
         Searing Ray       |     5 |     7 ||    12
    Use: Scroll            |     2 |     6 ||     8
 Armour: Robe              |    11 |       ||    11
         Leather armour    |     4 |     4 ||     8
         Skin              |       |     4 ||     4
  Dodge: Dodged            |    28 |    13 ||    41
